 Dungeon Crawl Stone Soup version 0.18-a0-1639-g7533f42 (webtiles) character file.

242 4thArraOfDagon the Chopper (level 6, 0/48 HPs)
             Began as a Human Fighter on Mar 27, 2016.
             Was an Initiate of the Shining One.
             Slain by a sky beast (5 damage)
             ... on level 11 of the Dungeon.
             The game lasted 00:07:17 (1424 turns).

4thArraOfDagon the Chopper (Human Fighter)          Turns: 1424, Time: 00:07:18

Health: 0/48       AC:  8    Str: 18    XL:     6   Next: 30%
Magic:  15/15      EV:  7    Int:  8    God:    the Shining One [......]
Gold:   192        SH:  9    Dex: 13    Spells: 0 memorised, 5 levels left

rFire  . . .     SeeInvis .     a - +0 war axe
rCold  . . .     Gourm    .     b - +0 scale mail
rNeg   . . .     Faith    .     c - +0 shield
rPois  .         Spirit   .     (no helmet)
rElec  .         Dismiss  .     (no cloak)
rCorr  .         Reflect  .     q - +0 pair of gloves
SustAt .         Harm     .     (no boots)
MR     .....                    (no amulet)
Stlth  +.........               l - ring of magical power
                                p - ring of stealth

@: glowing, not resistant to hostile enchantments, very unstealthy
A: no striking features
a: Renounce Religion


You were on level 11 of the Dungeon.
You worshipped the Shining One.
The Shining One was noncommittal.
You were not hungry.

You visited 2 branches of the dungeon, and saw 12 of its levels.

You collected 192 gold pieces.

Inventory:

Hand Weapons
 a - a +0 war axe (weapon)
Armour
 b - a +0 scale mail (worn)
 c - a +0 shield (worn)
 q - a +0 pair of gloves (worn)
Jewellery
 e - an uncursed ring of flight
 l - a ring of magical power (right hand)
 m - an uncursed amulet of the gourmand
 n - an uncursed amulet of inaccuracy
 p - a ring of stealth (left hand)
 r - a +3 ring of intelligence
Wands
 d - a wand of slowing (26/48)
Scrolls
 h - 2 scrolls of amnesia
Comestibles
 f - 3 bread rations
 g - 2 beef jerkies
 i - 2 meat rations
 j - a slice of pizza
 k - 3 fruits
 o - 2 chunks of flesh


   Skills:
 + Level 4.2 Fighting
 * Level 4.5 Axes
 + Level 4.0 Armour
 - Level 3.0 Shields


You had 5 spell levels left.
You didn't know any spells.

Dungeon Overview and Level Annotations

Branches:
Dungeon (11/15)            Temple (1/1) D:4
   Lair: D:8-11         Orc: D:9-12

Altars:
Dithmenos
Elyvilon
Gozag
Makhleb
Nemelex Xobeh
Okawaru
Qazlal
Trog
Vehumet
Xom
Zin
The Shining One


Message History

You hit the sky beast but do no damage.
The sky beast is heavily wounded.
The sky beast completely misses you. You block the sky beast's attack.
You block the orc warrior's attack.
Unknown command.
You hit the orc warrior but do no damage.
The orc warrior is lightly wounded.
You closely miss the sky beast.
The sky beast is heavily wounded.
You block the sky beast's attack.
Unknown command.
Unknown command.
You hit the orc warrior but do no damage.
The orc warrior is lightly wounded.
You barely miss the sky beast.
The sky beast is heavily wounded.
The sky beast hits you.
* * * LOW HITPOINT WARNING * * *
The sky beast shocks you.
You die...

. ... ..###.#
.......#######
#..........#
#..........#
#..........#
#...$.....<#
.....###Y#####
.#### #@# #o#
#{# #C# .o#
... ... ....


You could see a hill giant, an orc warrior, a sky beast and an orc.

Vanquished Creatures
  A scorpion (D:4)
  A crimson imp (D:5)
  A hound (D:11)
  2 orc priests
  A hound zombie (D:4)
  2 adders
  A shadow imp (D:10)
  An ooze (D:1)
  An adder skeleton (D:6)
  A giant gecko (D:4)
  4 orcs (D:4)
  A bat (D:2)
  A giant cockroach (D:6)
  2 jackals (D:3)
  2 quokkas
  A ball python skeleton (D:5)
  A giant newt (D:2)
  A goblin (D:1)
  A kobold (D:3)
  A rat (D:2)
27 creatures vanquished.

Notes
Turn   | Place    | Note
--------------------------------------------------------------
     0 | D:1      | 4thArraOfDagon the Human Fighter began the quest for the Orb.
     0 | D:1      | Reached XP level 1. HP: 18/18 MP: 1/1
     0 | D:1      | 4thArraOfDagon: cant get past d:2
    10 | D:1      | M4edhros: now your shield looks much mbetter
    12 | D:1      | M4edhros: : )
    39 | D:1      | M4edhros: get stones
    67 | D:2      | M4edhros: always some dmg
   113 | D:1      | Reached XP level 2. HP: 16/24 MP: 2/2
   214 | D:3      | Reached XP level 3. HP: 13/29 MP: 3/3
   229 | D:3      | Found a stormy altar of Qazlal.
   284 | D:3      | Reached XP level 4. HP: 22/35 MP: 4/4
   292 | D:4      | Found a staircase to the Ecumenical Temple.
   393 | D:4      | Reached XP level 5. HP: 19/42 MP: 5/5
   413 | D:4      | WOW
   503 | Temple   | Entered the Ecumenical Temple
   519 | Temple   | Became a worshipper of the Shining One
   621 | D:5      | Entered Level 5 of the Dungeon
   778 | D:5      | :)
   804 | D:5      | 4thArraOfDagon: 1d2 dmg
   826 | D:5      | 4thArraOfDagon: can hel p:(
   828 | D:5      | Reached XP level 6. HP: 12/48 MP: 6/6
   839 | D:5      | -150turns
  1059 | D:6      | Found an iron altar of Okawaru.
  1202 | D:7      | M4edhros: sling?
  1211 | D:7      | Found a shimmering altar of Xom.
  1300 | D:9      | Noticed an ice beast
  1305 | D:10     | Entered Level 10 of the Dungeon
  1354 | D:10     | Noticed a yak
  1354 | D:10     | Noticed a yak
  1355 | D:10     | Noticed a yak
  1355 | D:10     | Noticed a yak
  1371 | D:10     | Noticed a yak
  1381 | D:11     | jacquesderrida: DAYNE MAYNE
  1382 | D:11     | Noticed a sky beast
  1383 | D:11     | jacquesderrida: IT HIM
  1385 | D:11     | jacquesderrida: JEQ
  1414 | D:11     | Noticed an orc warrior
  1421 | D:11     | Noticed a hill giant
  1424 | D:11     | Slain by a sky beast

Vault maps used:
D:1:      lightli_arrival_windingriver
D:2:      first_bread, minmay_close_crescents, uniq_crazy_yiuf_cottage
D:3:      cheibriados_altar_1, ecumenical_altar_1, grunt_qazlal_clouds
D:4:      minmay_temple_entry_statues_fountains
D:5:      lemuel_coloured_pillars_altar, serial_bayou_pond_d
D:6:      kennysheep_mini_moat, minmay_misc_feat_tiny, uniq_blork_the_orc
D:7:      lemuel_zombie_altar_yredelemnul, old_standard_altar, basic_altar,
          uniq_joseph, uniq_duvessa, uniq_menkaure
D:8:      erik_lair_orcish_takeover, uniq_erolcha
D:9:      fedhas_altar_fruit_tree, gammafunk_temple_overflow_elements,
          orc_0_dummy, serial_shops, nicolae_shop_waterfront, hangedman_ranch,
          hangedman_corner_corridor
Temple:   circular_temple_12

Skill      XL: |  1  2  3  4  5  6 |
---------------+-------------------+-----
Axes           | 3 4 |  4.5
Fighting       | 4 |  4.2
Armour         | 4 |  4.0
Shields        | |  3.0

Action                   |  1- 3 |  4- 6 || total
-------------------------+-------+-------++-------
Melee: War axe           |    32 |   191 ||   223
Evoke: Wand              |       |     9 ||     9
  Use: Potion            |     1 |       ||     1
       Scroll            |       |     6 ||     6
  Eat: Chunk             |       |     3 ||     3
